 Dungeon Crawl Stone Soup version 0.19.1 (webtiles) character file.

1095 Faustar the Basher (level 8, -2/46 HPs)
             Began as a Gargoyle Fighter on Dec 22, 2016.
             Slain by Menkaure (7 damage)
             ... on level 5 of the Dungeon.
             The game lasted 00:05:43 (3743 turns).

Faustar the Basher (Gargoyle Fighter)               Turns: 3743, Time: 00:05:43

Health: -2/46      AC: 12    Str: 21    XL:     8   Next: 31%
Magic:  8/8        EV:  7    Int: 10    God:
Gold:   273        SH:  9    Dex:  9    Spells: 0 memorised, 7 levels left

rFire  . . .     SeeInvis .     a - +0 flail
rCold  . . .     Gourm    .     b - +0 scale mail
rNeg   + . .     Faith    .     c - +0 shield
rPois  ∞         Spirit   .     (no helmet)
rElec  +         Reflect  .     (no cloak)
rCorr  .         Harm     .     (no gloves)
MR     .....                    (no boots)
Stlth  ..........               (no amulet)
                                (no ring)
                                (no ring)

@: no status effects
A: negative energy resistance 1, electricity resistance, unbreathing,
petrification resistance, rot immunity, AC +5
a: no special abilities


You were on level 5 of the Dungeon.
You were not hungry.

You visited 1 branch of the dungeon, and saw 5 of its levels.

You collected 273 gold pieces.

Inventory:

Hand Weapons
 a - a +0 flail (weapon)
 B - a +1 dire flail of draining
Armour
 b - a +0 scale mail (worn)
 c - a +0 shield (worn)
Jewellery
 l - a cursed ring of teleportation {unknown}
 u - an uncursed amulet of regeneration {unknown}
Wands
 r - a wand of slowing (18/48)
 x - a wand of flame (8/48)
Scrolls
 e - 2 scrolls of amnesia {unknown}
 h - 2 scrolls of remove curse {unknown}
 k - a scroll of random uselessness {unknown}
 m - 2 scrolls of identify {unknown}
 o - 4 scrolls of teleportation {unknown}
 q - a scroll of magic mapping {unknown}
 t - a scroll of fog {unknown}
 v - a scroll of enchant armour {unknown}
 y - a scroll of fear {unknown}
 z - 2 scrolls of blinking {unknown}
Potions
 d - a potion of might
 g - a potion of lignification {unknown}
 i - a potion of heal wounds {unknown}
 j - 2 potions of agility {unknown}
 n - a potion of brilliance {unknown}
 p - 3 potions of curing {unknown}
 A - a potion of haste {unknown}
Comestibles
 f - 5 bread rations
 s - 2 fruits
 w - a beef jerky
 C - a meat ration
 D - 2 chunks of flesh


   Skills:
 + Level 3.2 Fighting
 - Level 9.7 Maces & Flails
 - Level 3.2 Armour
 - Level 3.2 Shields


You had 7 spell levels left.
You didn't know any spells.

Dungeon Overview and Level Annotations

Branches:
Dungeon (5/15)
 Temple: D:4-7

Altars:
Ashenzari
Cheibriados
Hepliaklqana
Uskayaw
Xom

Annotations:
D:5 Menkaure


Innate Abilities, Weirdness & Mutations

You are resistant to torment.
Your stone body is resilient. (AC +5)
You are immune to poison.
You resist negative energy. (rN+)
You are resistant to electric shocks. (rElec)
You can survive without breathing.
You are immune to petrification.
You are immune to rotting.


Message History

Your shield prevents you from hitting Menkaure.
Menkaure is almost destroyed.
Menkaure hits you.
* * * LOW HITPOINT WARNING * * *
You barely miss Menkaure.
Menkaure is almost destroyed.
You block Menkaure's attack.
You hit Menkaure.
Menkaure is almost destroyed.
Menkaure points at you and mumbles some strange words.
Pain shoots through your body!
* * * LOW HITPOINT WARNING * * *
Menkaure hits you but does no damage.
You hit Menkaure but do no damage.
Menkaure is almost destroyed.
The crimson imp barely misses you. Menkaure hits you but does no damage.
You barely miss Menkaure.
Menkaure is almost destroyed.
Menkaure hits you!
You die...

########### ..........#
..........# ......5...#
......M@..# ..........#
..........##############
.........%'.)...........
..........###########.## ##+#
..(.......# #.# ##.# ###########
#.#
##.###########################.#
##>......._....................#


You could see Menkaure and a crimson imp.

Vanquished Creatures
  The ghost of loom the Destroyer, a novice DECj of Vehumet (D:5)
  Edmund (D:5)
  3 ogres
  A jelly (D:3)
  A bullfrog skeleton (D:4)
  A bullfrog zombie (D:5)
  Jessica (D:2)
  An iguana (D:4)
  Ijyb (D:3)
  Terence (D:2)
  2 worker ants
  A hound skeleton (D:4)
  9 adders
  2 oozes
  An adder skeleton (D:4)
  2 worms (D:4)
  A dart slug (D:1)
  2 leopard geckos (D:3)
  2 orcs (D:3)
  8 giant cockroaches
  5 goblins
  8 hobgoblins
  8 jackals
  3 quokkas
  5 bats
  4 frilled lizards
  3 kobolds
  4 rats
82 creatures vanquished.

Notes
Turn   | Place    | Note
-------+----------+-------------------------------------------
     0 | D:1      | Faustar the Gargoyle Fighter began the quest for the Orb.
     0 | D:1      | Reached XP level 1. HP: 14/14 MP: 1/1
    61 | D:1      | Reached XP level 2. HP: 19/19 MP: 2/2
   148 | D:1      | Reached skill level 3 in Maces & Flails
   710 | D:2      | Reached XP level 3. HP: 23/23 MP: 3/3
   830 | D:2      | Reached skill level 4 in Maces & Flails
   865 | D:2      | Reached XP level 4. HP: 26/28 MP: 4/4
   883 | D:2      | Noticed Terence
   896 | D:2      | Killed Terence
   964 | D:2      | Noticed Jessica
   973 | D:2      | Killed Jessica
   973 | D:2      | Reached skill level 5 in Maces & Flails
   973 | D:2      | Reached XP level 5. HP: 31/32 MP: 5/5
  1425 | D:3      | Noticed Ijyb
  1443 | D:3      | Killed Ijyb
  1512 | D:3      | Found a shimmering altar of Xom.
  1711 | D:3      | Found a shattered altar of Ashenzari.
  1751 | D:3      | Reached skill level 6 in Maces & Flails
  1762 | D:3      | Reached XP level 6. HP: 17/37 MP: 6/6
  2458 | D:4      | Found a hazy altar of Hepliaklqana.
  2459 | D:4      | Found a hide-covered altar of Uskayaw.
  2693 | D:4      | Reached skill level 7 in Maces & Flails
  3097 | D:4      | Reached XP level 7. HP: 36/41 MP: 7/7
  3220 | D:5      | Entered Level 5 of the Dungeon
  3229 | D:5      | Noticed Edmund
  3249 | D:5      | Killed Edmund
  3249 | D:5      | Reached skill level 8 in Maces & Flails
  3479 | D:5      | Found a snail-covered altar of Cheibriados.
  3560 | D:5      | Noticed loom's ghost (novice DECj)
  3561 | D:5      | Noticed Menkaure
  3595 | D:5      | Killed loom's ghost
  3595 | D:5      | Reached skill level 9 in Maces & Flails
  3595 | D:5      | Reached XP level 8. HP: 13/46 MP: 8/8
  3743 | D:5      | Slain by Menkaure

Skill      XL: |  1  2  3  4  5  6  7 |
---------------+----------------------+-----
Maces & Flails | 3 4 5 6 7 9 |  9.7
Fighting       | |  3.2
Armour         | |  3.2
Shields        | |  3.2

Action                   |  1- 3 |  4- 6 |  7- 9 || total
-------------------------+-------+-------+-------++-------
Melee: Flail             |   101 |   216 |    91 ||   408
  Use: Potion            |       |       |     1 ||     1
  Eat: Chunk             |       |     7 |     3 ||    10
Armor: Scale mail        |    57 |   104 |    28 ||   189
Dodge: Dodged            |    34 |    60 |    13 ||   107
Block: Shield            |    50 |   102 |    42 ||   194
